 Dungeon Crawl Stone Soup version 0.28.0-53-g5a82cb258f (webtiles) character file.

Game seed: 3826141506713325244

15346 yokelz the Destroyer (level 12, -9/73 HPs)
             Began as a Deep Elf Conjurer on July 28, 2022.
             Was a High Priest of Vehumet.
             Killed from afar by a rime drake (24 damage)
             ... with a flash freeze
             ... on level 1 of the Lair of Beasts.
             The game lasted 01:00:28 (16823 turns).

yokelz the Destroyer (Deep Elf Conjurer)           Turns: 16823, Time: 01:00:29

Health: -9/73      AC:  6    Str:  4    XL:     12   Next: 0%
Magic:  2/28       EV: 15    Int: 33    God:    Vehumet [*****.]
Gold:   233        SH:  4    Dex: 11    Spells: 17/31 levels left

rFire   + . .      SeeInvis .   c - +3 mace "Eqayle" {freeze, rCorr Int+4 Dex-2}
rCold   . . .      Faith    .   K - +0 buckler
rNeg    . . .      Spirit   .   a - +0 robe
rPois   .          Reflect  .   r - +1 helmet
rElec   .          Harm     .   A - +1 cloak
rCorr   +          Rampage  .   (no gloves)
Will    +....                   (no boots)
Stlth   ++........              (no amulet)
HPRegen 0.22/turn               L - ring of wizardry
MPRegen 0.21/turn               e - ring of protection from fire

@: no status effects
A: no striking features
a: Renounce Religion


You were on level 1 of the Lair of Beasts.
You worshipped Vehumet.
Vehumet was extremely pleased with you.
You visited 3 branches of the dungeon, and saw 13 of its levels.

You collected 831 gold pieces.
You spent 598 gold pieces at shops.

Inventory:

Hand Weapons
 c - the +3 mace "Eqayle" (weapon) {freeze, rCorr Int+4 Dex-2}
   (You found it on level 1 of the Dungeon)

   It freezes those it strikes, dealing additional cold damage.
   It can also slow down cold-blooded creatures.
   Int:       It affects your intelligence (+4).
   Dex:       It affects your dexterity (-2).
   rCorr:     It protects you from acid and corrosion.
Missiles
 s - 8 boomerangs
 D - 2 throwing nets
Armour
 a - a +0 robe (worn)
 f - an orb of energy
 r - a +1 helmet (worn)
 A - a +1 cloak (worn)
 K - a +0 buckler (worn)
Magical Staves
 H - a staff of air
Jewellery
 e - a ring of protection from fire (right hand)
 x - a ring of protection from cold
 y - a ring of resist corrosion
 L - a ring of wizardry (left hand)
Wands
 i - a wand of flame (17)
 C - a wand of polymorph (4)
 G - a wand of paralysis (8)
 M - a wand of mindburst (6)
Scrolls
 b - 2 scrolls of enchant armour
 d - 2 scrolls of holy word
 g - 2 scrolls of amnesia
 h - a scroll of torment
 j - 3 scrolls of vulnerability
 k - a scroll of silence {unknown}
 l - a scroll of enchant weapon
 n - 3 scrolls of immolation
 p - a scroll of fear
 q - a scroll of fog
 t - a scroll of noise {unknown}
 I - a scroll of teleportation
 J - 2 scrolls of magic mapping {unknown}
Potions
 o - a potion of might
 u - a potion of resistance
 v - a potion of lignification
 z - 2 potions of invisibility
 B - 2 potions of attraction
 E - a potion of degeneration {unknown}
 F - a potion of brilliance {unknown}


   Skills:
 - Level 7.9 Fighting
 + Level 9.9 Dodging
 - Level 2.4 Stealth
 + Level 3.1 Shields
 - Level 10.0 Spellcasting
 - Level 11.9 Conjurations
 - Level 4.0 Hexes
 - Level 8.0 Ice Magic


You had 17 spell levels left.
You knew the following spells:

 Your Spells              Type           Power      Damage    Failure   Level
a - Magic Dart            Conj           100%       1d8       1%          1
b - Searing Ray           Conj           100%       2d8       1%          2
c - Fulminant Prism       Conj/Hex       31%        3d16      1%          4
d - Hailstorm             Conj/Ice       70%        3d15      1%          4
e - Dazzling Flash        Conj/Hex       100%       N/A       1%          3

Your spell library contained the following spells:

 Spells                   Type           Power      Damage    Failure   Level
 Sticky Flame             Conj/Fire      54%        2d7       1%          4
 Freeze                   Ice            100%       1d11      1%          1
 Frozen Ramparts          Ice            100%       1d12      1%          3
 Iskenderun's Mystic Bla  Conj/Tloc      54%        2d12      1%          4
 Sublimation of Blood     Necr           16%        N/A       2%          2
 Wereblood                Tmut           16%        N/A       2%          2
 Leda's Liquefaction      Hex/Erth       14%        N/A       6%          4
 Lee's Rapid Deconstruct  Erth           8%         3d8*      12%         5
 Summon Forest            Summ/Tloc      8%         N/A       38%         5
 Eringya's Noxious Bog    Tmut/Pois      8%         N/A       45%         6
 Statue Form              Tmut/Erth      10%        N/A       89%         6
 Summon Hydra             Summ           8%         N/A       100%        7


Dungeon Overview and Level Annotations

Branches:
Dungeon (11/15)            Temple (1/1) D:4            Lair (1/6) D:11
    Orc (0/2) D:10

Altars:
Cheibriados
Dithmenos
Elyvilon
Fedhas
Gozag
Hepliaklqana
Kikubaaqudgha
Nemelex Xobeh
Vehumet
Wu Jian
Xom
Yredelemnul
Zin

Shops:
D:1 [   D:2 !   D:4 =   D:5 ?

Annotations:
D:5 Edmund, Ijyb
D:6 exclusion: upstairs
D:7 Harold, Joseph
D:10 1 exclusion
D:11 1 runed translucent door


Message History

Vehumet accepts your kill.
You feel your power returning. (Press . to maintain the ray.)
You feel sick.
A rime drake comes into view.
Casting: Searing Ray (safe; 1% risk of failure)
Confirm with . or Enter, or press ? or * to list all spells.
Aiming: Fulminant Prism (safe; 1% risk of failure)
Press: ? - help, Dir - move target You conjure a prism of explosive energy!
The rime drake hisses angrily.
A fulminant prism comes into view.
You feel sick.
Casting: Fulminant Prism (safe; 1% risk of failure)
Confirm with . or Enter, or press ? or * to list all spells.
Aiming: Fulminant Prism (safe; 1% risk of failure)
Press: ? - help, Dir - move target You conjure a prism of explosive energy!
A fulminant prism comes into view.
You feel sick.
You are no longer poisoned.
The rime drake bites your fulminant prism.
Your fulminant prism crackles loudly.
The rime drake bites your fulminant prism.
A komodo dragon comes into view.
Your fulminant prism explodes!
The blast of energy engulfs the rime drake!!
The rime drake is almost dead.
The blast of energy engulfs your fulminant prism!
Your fulminant prism is almost destroyed.
The blast of energy engulfs the komodo dragon!
The komodo dragon is moderately wounded.
The komodo dragon hisses angrily.
Your fulminant prism crackles loudly.
Casting: Fulminant Prism (safe; 1% risk of failure)
Confirm with . or Enter, or press ? or * to list all spells.
You don't have enough magic to cast this spell.
The rime drake breathes ice at you. The flash freeze hits you!!
You die...

...............
...............
...............
...............
.............
...........#
...........###.
......†@.......
...............
...##.#......l.
. ..#.#.†.....
... . ....k..
.... .. ..*....
... .. .......
... ... .......


You could see a komodo dragon, a rime drake (catching breath, ally target) and a
friendly fulminant prism.

Vanquished Creatures
  3 two-headed ogres
  A centaur warrior (D:10)
  A cyclops (D:7)
  A tengu conjurer (D:10)
  3 trolls
  A queen bee (D:11)
  A hornet (D:9)
  A shadow (D:9)
  Sigmund (D:4)
  3 wyverns (D:10)
  5 humans (D:9)
  A basilisk (Lair:1)
  16 yaks
  2 vampire mosquitoes (D:7)
  An acid dragon (D:11)
  2 water moccasins
  3 sky beasts (D:6)
  2 orc warriors
  A black bear (D:5)
  An ogre (D:6)
  3 ice beasts
  4 centaurs
  A wolf (D:11)
  A phantom (D:4)
  3 kobold brigands
  3 bullfrogs
  A gnoll sergeant (D:10)
  2 scorpions
  31 killer bees
  4 electric eels
  13 wights
  10 howler monkeys
  9 centaur zombies
  A bullfrog zombie (D:6)
  2 jellies
  8 orc priests
  11 hounds
  3 iguanas
  A scorpion zombie (D:5)
  A gnoll shaman (D:8)
  14 orc wizards
  3 howler monkey zombies
  5 gnolls (D:8)
  5 adders
  A white imp (D:5)
  An adder skeleton (D:4)
  2 dart slugs
  2 worms (D:2)
  48 orcs
  8 endoplasms
  4 giant cockroaches
  6 goblins
  8 hobgoblins
  4 jackals
  2 quokkas
  4 ball pythons
  3 bats
  A frilled lizard (D:1)
  19 kobolds
  3 rats (D:2)
  A fulminant prism (D:9)
306 creatures vanquished.

Vanquished Creatures (others)
  108 fulminant prisms
  A fungus (Lair:1)
  11 plants
120 creatures vanquished.

Grand Total: 426 creatures vanquished

Notes
Turn   | Place    | Note
-------+----------+-------------------------------------------
     0 | D:1      | yokelz the Deep Elf Conjurer began the quest for the Orb.
     0 | D:1      | Reached XP level 1. HP: 10/10 MP: 6/6
    11 | D:1      | Noticed an electric eel
   119 | D:1      | Found a faded altar of an unknown god.
   120 | D:1      | Identified the +3 mace "Eqayle" {freeze, rCorr Int+4 Dex-2}
   436 | D:1      | Found Vehiralior's Antique Armour Shoppe.
   447 | D:1      | Reached XP level 2. HP: 15/15 MP: 5/8
   762 | D:2      | Reached skill level 5 in Conjurations
  1431 | D:2      | Learned a level 2 spell: Searing Ray
  1481 | D:2      | Reached XP level 3. HP: 19/19 MP: 2/9
  1764 | D:2      | Found Ludorof's Distillery.
  1778 | D:2      | Bought 2 potions of heal wounds for 130 gold pieces
  2108 | D:2      | Reached skill level 6 in Conjurations
  2490 | D:3      | Reached XP level 4. HP: 24/24 MP: 4/10
  2936 | D:3      | Noticed a scorpion
  2946 | D:3      | Killed a scorpion
  2947 | D:3      | Reached skill level 7 in Conjurations
  2947 | D:3      | Reached XP level 5. HP: 28/28 MP: 4/11
  3154 | D:4      | Found a staircase to the Ecumenical Temple.
  3163 | Temple   | Entered the Ecumenical Temple
  3236 | Temple   | Became a worshipper of Vehumet
  3262 | D:4      | Noticed Sigmund
  3281 | D:4      | Killed Sigmund
  3282 | D:4      | Reached skill level 8 in Conjurations
  3282 | D:4      | Reached XP level 6. HP: 31/32 MP: 5/12
  3852 | D:4      | Reached skill level 9 in Conjurations
  3902 | D:4      | Learned a level 4 spell: Fulminant Prism
  3928 | D:4      | Found Mylo's Jewellery Boutique.
  3981 | D:5      | Entered Level 5 of the Dungeon
  4007 | D:5      | Found Quvuagho's Magic Scroll Boutique.
  4025 | D:5      | Reached XP level 7. HP: 36/36 MP: 5/13
  4096 | D:5      | Bought a scroll of fog for 24 gold pieces
  4096 | D:5      | Bought a scroll of identify for 24 gold pieces
  4732 | D:5      | Reached skill level 1 in Fighting
  4994 | D:5      | Noticed Ijyb
  5007 | D:5      | Found a snail-covered altar of Cheibriados.
  5224 | D:5      | Noticed Edmund
  5589 | D:6      | Reached XP level 8. HP: 30/48 MP: 5/14
  6053 | D:6      | Reached skill level 5 in Fighting
  7072 | D:7      | Noticed a cyclops
  7082 | D:7      | Reached XP level 9. HP: 37/56 MP: 3/15
  7123 | D:7      | Killed a cyclops
  7124 | D:7      | Reached skill level 5 in Dodging
  7244 | D:7      | Noticed Joseph
  7612 | D:7      | Reached * piety under Vehumet
  7612 | D:7      | Offered knowledge of Shock by Vehumet.
  7988 | D:7      | You fall into a shaft and drop 1 floor!
  8426 | D:7      | Noticed a two-headed ogre
  8464 | D:7      | Killed a two-headed ogre
  8499 | D:7      | Noticed Harold
  8567 | D:6      | Learned a level 4 spell: Hailstorm
  9134 | D:9      | Reached skill level 1 in Ice Magic
  9410 | D:8      | Reached XP level 10. HP: 56/64 MP: 7/17
  9498 | D:8      | Offered knowledge of Scorch by Vehumet.
  9591 | D:8      | Reached ** piety under Vehumet
  9695 | D:8      | Reached skill level 5 in Spellcasting
 11018 | D:9      | Offered knowledge of Conjure Flame by Vehumet.
 11036 | D:9      | Reached skill level 10 in Spellcasting
 11209 | D:9      | Reached *** piety under Vehumet
 12008 | D:9      | Reached skill level 10 in Conjurations
 12573 | D:10     | Entered Level 10 of the Dungeon
 12580 | D:10     | Noticed a two-headed ogre
 12593 | D:10     | Killed a two-headed ogre
 12594 | D:10     | Reached skill level 5 in Ice Magic
 12594 | D:10     | Reached XP level 11. HP: 35/68 MP: 17/27
 12933 | D:9      | HP: 2/68 [troll (11)]
 13448 | D:10     | Offered knowledge of Ignite Poison by Vehumet.
 14139 | D:4      | Bought a ring of wizardry for 420 gold pieces
 14145 | D:4      | Learned a level 3 spell: Dazzling Flash
 14409 | D:10     | Reached **** piety under Vehumet
 14410 | D:10     | Reached skill level 11 in Conjurations
 14668 | D:10     | Found a staircase to the Orcish Mines.
 14852 | D:10     | Noticed a two-headed ogre
 14854 | D:10     | Noticed a centaur warrior
 14861 | D:10     | Killed a centaur warrior
 14862 | D:10     | Noticed a death knight
 15007 | D:10     | Offered knowledge of Irradiate by Vehumet.
 15028 | D:10     | Killed a two-headed ogre
 15674 | D:11     | Reached skill level 1 in Shields
 15834 | D:11     | Noticed a frost giant
 15834 | D:11     | Noticed a wizard
 15834 | D:11     | Noticed a centaur warrior
 15836 | D:11     | Noticed a skeletal warrior
 15840 | D:11     | Found a runed translucent door.
 15841 | D:11     | Noticed a centaur warrior
 16558 | D:11     | Found a staircase to the Lair.
 16595 | D:11     | Reached ***** piety under Vehumet
 16595 | D:11     | Offered knowledge of Sticky Flame by Vehumet.
 16614 | Lair:1   | Entered Level 1 of the Lair of Beasts
 16815 | Lair:1   | Reached XP level 12. HP: 28/73 MP: 14/28
 16823 | Lair:1   | Killed from afar by a rime drake

Illustrated notes

Levels and vault maps discovered:
D:1:      arrival_aquarium_a, layout_loops_ring, serial_shops, shop_fountains,
          hellmonk_ecumenical_altar_lost_god, minmay_tetromino_o4
D:2:      layout_basic, serial_shops, nicolae_lakefront_shop,
          guppyfry_early_orc_mine
D:3:      minmay_spotlight, layout_basic
D:4:      layout_rooms, minmay_temple_entry_overgrown, serial_shops, shop,
          uniq_sigmund
D:5:      layout_basic, kennysheep_slug_shrine, minmay_shop_grid_forest,
          minivault_5, uniq_edmund, uniq_ijyb
D:6:      layout_gridville, serial_bayou_ford_a, chequers_serial_rivers_micro_e,
          minmay_chambers_of_fives
D:7:      layout_loops_ring, kennysheep_flooded_box, chequers_avenue,
          uniq_joseph, uniq_harold
D:8:      layout_rooms
D:9:      erik_cavepeople, layout_loops_ring, kennysheep_generic_room_12
D:10:     layout_rooms, hiddenorc2_lemuel, evilmike_minifort
D:11:     layout_roguey [special_room_bee], erik_lair_island, minivault_19,
          minmay_st_funbox, hellmonk_guarded_unrand_gyre_and_gimble
Temple:   mainiacjoe_temple_circle_huts
Lair:1:   layout_long_grid, basic_altar, grunt_megastairs_4

Skill      XL: |  1  2  3  4  5  6  7  8  9 10 11 |
---------------+----------------------------------+-----
Conjurations   | 5 6 7 8 9 10 11 | 11.9
Hexes          | 3 4 |  4.0
Fighting       | 4 6 7 |  7.9
Dodging        | 3 8 9 |  9.9
Ice Magic      | 1 5 8 |  8.0
Spellcasting   | 10 | 10.0
Shields        | 3 |  3.1
Stealth        | |  2.4

Action                   |  1- 3 |  4- 6 |  7- 9 | 10-12 || total
-------------------------+-------+-------+-------+-------++-------
Melee: Mace              |     4 |     2 |    14 |    45 ||    65
       Punch             |       |       |       |     2 ||     2
 Cast: Magic Dart        |    88 |    40 |   149 |   186 ||   463
       Searing Ray       |     1 |     7 |    19 |    63 ||    90
       Fulminant Prism   |       |       |    33 |    77 ||   110
       Hailstorm         |       |       |     1 |     3 ||     4
  Use: Scroll            |     3 |     4 |     6 |     9 ||    22
       Potion            |       |     1 |     3 |     5 ||     9
 Stab: Sleeping          |       |     1 |       |       ||     1
Armor: Robe              |     1 |     1 |    24 |    63 ||    89
Dodge: Dodged            |     4 |     6 |    87 |   239 ||   336
Block: Buckler           |       |       |       |    15 ||    15
